AoeStats
← _vishi_

Black Forest

509394222Analyzed
3v3 RM · 6d ago on Sep 26, 2026· 49m 24s· 6 players
Game mode
Random Map
Map size
Normal (6 player)
Population
200
Speed
Normal
Resources
Standard
Victory
Conquest
Starting age
Dark Age
Ending age
Imperial Age
RankedLock teamsTeams togetherTeam positionsShared explorationLock speedFull tech treeHidden civsTurbo modeCheats
Victory
Defeat
🇹🇷 Ethiopians · Türkiye
1446
+14
🇫🇷 Saracens · France
1416
+14
🇭🇺 Bohemians · Hungary
1400
+15
🇨🇳 Portuguese · China
1404
-15
🇨🇴 Mongols · Colombia
1401
-15
🇮🇳 Chinese · India
1362
-13
huninter
11:30 Loom
15:09 Feudal Age
15:59 Double-Bit Axe
17:41 Fishing Lines
24:46 Castle Age
22:59 Scale Mail Armor
23:09 Forging
25:29 Squires
24:49 Pikeman
26:09 Bow Saw
29:04 Imperial Age
27:27 Chain Mail Armor
28:54 Fervor
30:02 Chemistry
30:14 Houfnice
31:04 Gillnets
32:30 Siege Engineers
36:26 Caravan
37:01 Bombard Tower
40:11 Halberdier
41:23 Plate Mail Armor
42:37 Iron Casting
46:42 Hussite Reforms
46:45 Wagenburg Tactics
49:08 Blast Furnace
TARBA-BAR
1:00 Loom
13:23 Feudal Age
17:26 Castle Age
16:04 Double-Bit Axe
16:39 Fletching
18:17 Bodkin Arrow
18:30 Crossbowman
39:10 Imperial Age
37:27 Padded Archer Armor
39:07 Leather Archer Armor
39:26 Ballistics
39:55 Bracer
40:18 Thumb Ring
40:11 Horse Collar
40:30 Arbalester
42:28 Chemistry
44:11 Ring Archer Armor
Kean
0:26 Loom
12:29 Feudal Age
13:31 Double-Bit Axe
13:53 Fletching
14:09 Town Watch
16:27 Wheelbarrow
20:36 Castle Age
19:14 Horse Collar
21:12 Bodkin Arrow
20:38 Crossbowman
21:47 Bow Saw
22:16 Fishing Lines
27:02 Stone Mining
29:02 Heavy Plow
30:17 Gillnets
33:12 Imperial Age
31:55 Ballistics
32:07 Hand Cart
31:48 Gold Mining
32:34 Stone Shaft Mining
32:56 Town Patrol
32:56 Padded Archer Armor
33:07 Thumb Ring
34:22 Gold Shaft Mining
33:45 Onager
35:27 Chemistry
34:53 Conscription
36:01 Two-Man Saw
36:34 Masonry
36:36 Arbalester
37:16 Bracer
38:00 Torsion Engines
38:42 Siege Engineers
38:41 Elite Shotel Warrior
39:33 Forging
39:23 Scale Mail Armor
39:38 Royal Heirs
40:07 Caravan
40:06 Halberdier
40:47 Squires
43:34 Iron Casting
43:15 Leather Archer Armor
43:15 Chain Mail Armor
46:13 Blast Furnace
45:44 Plate Mail Armor
45:44 Ring Archer Armor
46:12 Architecture
45:37 Murder Holes
45:14 Sappers
46:34 Arson
46:34 Siege Onager
_vishi_
0:27 Loom
11:28 Feudal Age
16:58 Castle Age
15:14 Double-Bit Axe
17:50 Wheelbarrow
18:19 Bow Saw
17:52 Horse Collar
20:10 Hand Cart
22:00 Heavy Plow
23:54 Fishing Lines
25:32 Gold Mining
29:16 Imperial Age
27:14 Stone Mining
27:32 Fletching
28:05 Bodkin Arrow
28:53 Ballistics
28:53 Padded Archer Armor
29:57 Bracer
30:13 Leather Archer Armor
30:59 Chemistry
30:17 Thumb Ring
30:29 Elite Chu Ko Nu
33:09 Stone Shaft Mining
33:09 Gold Shaft Mining
33:05 Ring Archer Armor
32:47 Forging
32:38 Scale Mail Armor
33:55 Rocketry
34:03 Conscription
33:14 Sappers
34:03 Heavy Rocket Cart
35:37 Bloodlines
35:28 Husbandry
34:48 Light Cavalry
35:38 Cavalier
36:25 Scale Barding Armor
36:56 Iron Casting
36:37 Masonry
37:23 Caravan
40:07 Chain Barding Armor
40:48 Blast Furnace
47:38 Heavy Scorpion
48:20 Great Wall
2067
0:40 Loom
10:46 Feudal Age
11:44 Double-Bit Axe
13:24 Man-at-Arms
16:19 Wheelbarrow
16:00 Fishing Lines
24:45 Castle Age
28:51 Imperial Age
27:54 Guard Tower
28:00 Fletching
27:59 Town Watch
28:10 Gold Mining
28:12 Stone Mining
30:49 Chemistry
31:00 Bodkin Arrow
31:49 Bracer
35:56 Ballistics
36:22 Conscription
36:03 Arquebus
36:43 Scale Barding Armor
36:49 Forging
37:28 Hand Cart
37:20 Cavalier
38:01 Husbandry
38:12 Bloodlines
38:41 Chain Barding Armor
38:57 Iron Casting
38:40 Town Patrol
38:24 Light Cavalry
40:52 Plate Barding Armor
41:19 Blast Furnace
41:42 Keep
42:11 Bow Saw
44:30 Siege Engineers
44:30 Treadmill Crane
45:01 Masonry
Saruman 117
0:39 Loom
12:44 Feudal Age
16:50 Castle Age
14:52 Horse Collar
14:58 Double-Bit Axe
16:07 Forging
17:44 Heavy Plow
27:06 Wheelbarrow
33:04 Bow Saw
34:24 Hand Cart
35:22 Stone Mining
35:23 Gold Mining
38:58 Imperial Age
36:20 Fletching
36:40 Padded Archer Armor
37:33 Bloodlines
37:23 Town Watch
38:29 Bodkin Arrow
39:05 Ballistics
39:43 Leather Archer Armor
39:30 Husbandry
40:03 Bracer
41:08 Chemistry
40:36 Thumb Ring
40:57 Parthian Tactics
42:14 Caravan
43:06 Siege Engineers
43:16 Town Patrol
43:12 Elite Mangudai
44:37 Conscription
45:33 Drill
44:45 Onager
46:05 Siege Onager
Connection lost

Rejoining the realm…

Still unreachable

The connection could not be restored.

Session expired

The server has moved on; the page needs a fresh start.